 Dungeon Crawl Stone Soup version 0.29.1-2-gbd0b4ee654 (webtiles) character file.

Game seed: 10654420187738885408

931 xian the Schismatic (level 7, 0/82 HPs)
             Began as a Demonspawn Abyssal Knight on Nov 4, 2022.
             Was an Elder of Lugonu.
             Succumbed to a gnoll bouda's poison
             ... on level 5 of the Dungeon.
             The game lasted 00:12:12 (5847 turns).

xian the Schismatic (Demonspawn Abyssal Knight)     Turns: 5847, Time: 00:12:13

Health: 0/82       AC: 13    Str: 15    XL:     7   Next: 86%
Magic:  11/11      EV:  5    Int: 11    God:    Lugonu [****..]
Gold:   251        SH:  0    Dex: 14    Spells: 6/6 levels left

rFire   x . .      SeeInvis .   b - +5 double sword (elec)
rCold   + . .      Faith    .   (no shield)
rNeg    . . .      Spirit   .   a - +0 plate armour
rPois   .          Reflect  .   (no helmet)
rElec   .          Harm     .   m - +0 cloak
rCorr   .          Rampage  .   (no gloves)
Will    +....                   (no boots)
Stlth   ..........              x - amulet of the acrobat
HPRegen 0.23/turn               d - ring of ice
MPRegen 0.12/turn               n - ring of willpower

@: berserking, lethally poisoned (0 -> -2), very quick
A: powered by pain 2, demonic magic 1
a: Renounce Religion, Depart the Abyss, Bend Space, Banish, Corrupt


You were on level 5 of the Dungeon.
You worshipped Lugonu.
Lugonu was greatly pleased with you.
You visited 1 branch of the dungeon, and saw 5 of its levels.
You visited the Abyss 1 time.

You collected 251 gold pieces.

Inventory:

Hand Weapons
 b - a +5 double sword of electrocution (weapon)
Missiles
 i - 3 atropa-tipped darts (quivered)
 u - 2 poisoned darts
 y - a throwing net
Armour
 a - a +0 plate armour (worn)
 m - a +0 cloak (worn)
Magical Staves
 h - a staff of death
 s - a staff of death
Jewellery
 d - a ring of ice (left hand)
 n - a ring of willpower (right hand)
 v - an amulet of faith
 x - an amulet of the acrobat (around neck)
Wands
 w - a wand of roots (11)
Scrolls
 c - a scroll of enchant armour {unknown}
 e - 2 scrolls of magic mapping {unknown}
 g - a scroll of teleportation
 j - 2 scrolls of amnesia
 o - 3 scrolls of fog {unknown}
 r - a scroll of vulnerability {unknown}
 t - 2 scrolls of enchant weapon {unknown}
Potions
 f - a potion of haste
 l - 2 potions of lignification
 q - a potion of might {unknown}


   Skills:
 + Level 4.4 Fighting
 + Level 4.5 Long Blades
 + Level 2.4 Axes
 + Level 4.3 Armour
 + Level 1.2 Dodging
 + Level 1.0 Stealth
 * Level 5.7 Invocations


You had 6 spell levels left.
You didn't know any spells.
Your spell library was empty.

Dungeon Overview and Level Annotations

Branches:
Dungeon (5/15)             Temple (0/1) D:4

Altars:
Dithmenos
Vehumet
Wu Jian

Shops:
D:3 :

Annotations:
D:3 2 transporters, Arctor's ghost, amateur MiFi


Innate Abilities, Weirdness & Mutations

You sometimes gain power by taking damage.
Spells you cast may paralyse adjacent enemies.


Message History

You bump into the rock wall.
* * * LOW HITPOINT WARNING * * *
You feel very sick. The gnoll barely misses you. The gnoll closely misses you.
Unknown command.
You bump into the rock wall.
You feel very sick. The gnoll barely misses you.
The gnoll hits you from afar with a +0 spear.
* * * LOW HITPOINT WARNING * * *
Unknown command.
Unknown command.
You closely miss the gnoll.
You feel very sick.
The gnoll hits you but does no damage. x2; The gnoll hits you with a +0 flail.
* * * LOW HITPOINT WARNING * * *
Unknown command.
You bump into the rock wall.
You feel sick. The gnoll hits you but does no damage.
The gnoll hits you with a +0 flail.
* * * LOW HITPOINT WARNING * * *
Unknown command.
You bump into the rock wall.
You feel sick.
The gnoll hits you from afar with a +0 spear.
* * * LOW HITPOINT WARNING * * *
The gnoll barely misses you.
Unknown command.
You bump into the rock wall.
You feel sick.
The gnoll hits you but does no damage. x2
Unknown command.
You bump into the rock wall.
You feel less invigorated.
You feel less confused.
You feel sick.
The gnoll hits you from afar with a +0 spear!
* * * LOW HITPOINT WARNING * * *
The gnoll hits you with a +0 flail!
* * * LOW HITPOINT WARNING * * *
It was a potion of berserk rage.
A red film seems to cover your vision as you go berserk!
You feel yourself moving faster!
You feel mighty!
You die...

.#..............# ##.........#
.###............# #.........###
.# ####.........# ##...........
.# ####......# #.......(... .#
##..#### ##.......### .# ##..##
##.......# .# #...##
###....##### .#
##...####....!..# .#
####..@g.........##
)##########....###g.#.......####
.##.....#...####
#..##.........## .##........##
#..####...~~~..# ###.........##
##.## #..~~8~~.. #............#
#..# #########. ..##.........##
#..# #..... ####..........# #..#
##.... # #..........# ##.# ##...


You could see 2 gnolls.

Vanquished Creatures
  2 ogres
  A phantom (D:4)
  2 scorpions (D:5)
  A howler monkey (D:5)
  2 hounds
  2 gnoll boudas (D:5)
  An orc priest (D:3)
  2 iguanas (D:5)
  Jessica (D:2)
  4 orc wizards
  8 gnolls (D:5)
  5 adders
  3 dart slugs (D:4)
  10 orcs
  8 ball pythons
  A bat (D:1)
  12 endoplasms
  4 giant cockroaches
  9 goblins
  6 hobgoblins
  3 quokkas
  3 frilled lizards
  5 kobolds
  A rat (D:2)
96 creatures vanquished.

Notes
Turn   | Place    | Note
-------+----------+-------------------------------------------
     0 | Abyss:1  | xian the Demonspawn Abyssal Knight began the quest for the
                  | Orb.
     0 | Abyss:1  | Reached XP level 1. HP: 18/18 MP: 2/2
     1 | D:1      | Escaped the Abyss
   178 | D:1      | Gained mutation: You sometimes gain a little power by
                  | taking damage. [demonic ancestry]
   178 | D:1      | Reached XP level 2. HP: 23/24 MP: 4/4
   673 | D:1      | Reached skill level 3 in Invocations
  1297 | D:2      | Noticed Jessica
  1307 | D:2      | Killed Jessica
  1307 | D:2      | Reached *** piety under Lugonu
  1308 | D:2      | Reached skill level 1 in Dodging
  1308 | D:2      | Gained mutation: Spells you cast may paralyse adjacent
                  | enemies. [demonic ancestry]
  1308 | D:2      | Reached XP level 3. HP: 29/29 MP: 5/5
  1657 | D:2      | Identified a scroll of acquirement
  1669 | D:2      | Acquired a +5 double sword of electrocution
  1747 | D:2      | Gained mutation: You sometimes gain power by taking damage.
                  | [demonic ancestry]
  1747 | D:2      | Reached XP level 4. HP: 35/35 MP: 6/6
  2056 | D:3      | Found a transporter.
  2058 | D:3      | Noticed Arctor's ghost (amateur MiFi)
  2086 | D:3      | Found a transporter.
  2130 | D:3      | Found a faded altar of an unknown god.
  2368 | D:3      | Found a radiant altar of Vehumet.
  2435 | D:3      | Reached skill level 1 in Long Blades
  2438 | D:3      | Reached XP level 5. HP: 24/41 MP: 7/7
  2590 | D:3      | Found Kiewodomao's Vocational Training.
  2679 | D:3      | Reached skill level 4 in Invocations
  3028 | D:4      | Reached **** piety under Lugonu
  3262 | D:4      | Reached XP level 6. HP: 46/48 MP: 9/9
  3352 | D:4      | Found a shadowy altar of Dithmenos.
  3422 | D:4      | Found a staircase to the Ecumenical Temple.
  3673 | D:4      | Reached skill level 5 in Invocations
  3746 | D:4      | Found an ornate altar of the Wu Jian Council.
  4043 | D:5      | Entered Level 5 of the Dungeon
  4097 | D:5      | Reached XP level 7. HP: 9/54 MP: 10/10
  5239 | D:5      | Identified the +1 robe "Forget-Me-Not" {Drain +Blink rPois
                  | Dex+4}
  5352 | D:5      | HP: 2/55 [gnoll/+0 spear[a gnoll bouda] (3)]
  5748 | D:5      | Reached skill level 1 in Stealth
  5846 | D:5      | HP: 1/55 [gnoll/+0 flail[a gnoll bouda] (8)]
  5847 | D:5      | Succumbed to a gnoll bouda's poison

Illustrated notes

Levels and vault maps discovered:
D:1:      matt_arrival_spirals, layout_loops_ring, chequers_serial_rivers_room_a
D:2:      layout_loops_ring, uniq_jessica
D:3:      layout_basic, lemuel_round_altar, mainiacjoe_overflow_small_starburst,
          dreamdust_ecumenical_altar_grove, gammafunk_ghost_mausoleum,
          nicolae_shop_vocational
D:4:      layout_loops_corners, lemuel_round_altar,
          nicolae_overflow_crystal_walls, temple_green
D:5:      layout_cave_pods, moated_statue, skrybe_limestone_x

Skill      XL: |  1  2  3  4  5  6  7 |
---------------+----------------------+-----
Axes           | 2 |  2.4
Invocations    | 3 4 5 |  5.7
Armour         | 2 3 4 |  4.3
Dodging        | 1 |  1.2
Long Blades    | 1 2 3 4 |  4.5
Fighting       | 4 |  4.4
Stealth        | 1 |  1.0

Action                   |  1- 3 |  4- 6 |  7- 9 || total
-------------------------+-------+-------+-------++-------
Melee: Hand axe          |    95 |       |       ||    95
       Double sword      |     1 |   104 |    54 ||   159
Throw: Dart              |     1 |       |     1 ||     2
  Use: Scroll            |     5 |     2 |     2 ||     9
       Potion            |       |       |     6 ||     6
 Stab: Invisible         |       |       |     1 ||     1
Armor: Leather armour    |    13 |       |       ||    13
       Chain mail        |    42 |     4 |       ||    46
       Plate armour      |       |    85 |    54 ||   139
Dodge: Dodged            |    35 |    25 |    41 ||   101
